 Dungeon Crawl Stone Soup version 0.29.1-1-gd02db6906a (webtiles) character file.

Game seed: 12612691036175499364

74 anonymouscript the Trooper (level 4, -3/61 HPs)
             Began as a Minotaur Berserker on Oct 21, 2022.
             Was a Follower of Trog.
             Slain by a gnoll
             ... wielding a +0 halberd
              (10 damage)
             ... on level 2 of the Dungeon.
             The game lasted 00:02:19 (1180 turns).

anonymouscript the Trooper (Minotaur Berserker)     Turns: 1180, Time: 00:02:19

Health: -3/61      AC:  2    Str: 24    XL:     4   Next: 10%
Magic:  3/3        EV: 12    Int:  4    God:    Trog [*.....]
Gold:   65         SH:  0    Dex:  9    Spells: 3/3 levels left

rFire   . . .      SeeInvis .   a - +0 falchion
rCold   . . .      Faith    .   (no shield)
rNeg    . . .      Spirit   .   b - +0 animal skin
rPois   .          Reflect  .   (helmet restricted)
rElec   .          Harm     .   (no cloak)
rCorr   .          Rampage  .   (no gloves)
Will    .....                   (no boots)
Stlth   ..........              h - amulet of the acrobat
HPRegen 0.20/turn               (no ring)
MPRegen 0.08/turn               (no ring)

@: brilliant, berserking (expiring), very quick
A: horns 2, retaliatory headbutt
a: Renounce Religion, Berserk


You were on level 2 of the Dungeon.
You worshipped Trog.
Trog was aware of your devotion.
You visited 1 branch of the dungeon, and saw 2 of its levels.

You collected 65 gold pieces.

Inventory:

Hand Weapons
 a - a +0 falchion (weapon)
Missiles
 e - 22 stones (quivered)
Armour
 b - a +0 animal skin (worn)
 j - a +0 ring mail
Jewellery
 h - an amulet of the acrobat (around neck)
Scrolls
 d - 2 scrolls of identify {unknown}
 f - a scroll of fear {unknown}
 i - a scroll of immolation {unknown}


   Skills:
 + Level 4.8 Fighting
 + Level 4.5 Long Blades
 + Level 2.8 Armour
 + Level 2.5 Dodging


You had 3 spell levels left.
You didn't know any spells.
Your spell library was empty.

Dungeon Overview and Level Annotations

Branches:
Dungeon (2/15)

Altars:
Xom


Innate Abilities, Weirdness & Mutations

You have a pair of horns on your head.
You reflexively headbutt those who attack you in melee.


Message History

* * * LOW HITPOINT WARNING * * *
The gnoll closely misses you.
The gnoll hits you from afar with a +0 spear.
* * * LOW HITPOINT WARNING * * *
The gnoll barely misses you. The gnoll attacks as you move away!
The gnoll hits you with a +0 club.
* * * LOW HITPOINT WARNING * * *
Okay, then.
It was a potion of brilliance.
You feel clever all of a sudden. The gnoll closely misses you.
It was a potion of curing.
You feel better. The gnoll closely misses you.
The gnoll hits you from afar with a +0 spear.
A red film seems to cover your vision as you go berserk!
You feel yourself moving faster!
You feel mighty! The gnoll hits you with a +0 club.
The gnoll hits you from afar with a +0 spear.
* * * LOW HITPOINT WARNING * * *
You slash the gnoll! You headbutt the gnoll.
You kill the gnoll!
Trog accepts your kill. The gnoll barely misses you. You furiously retaliate!
You headbutt the gnoll!
You see here a +0 club.
You hit the gnoll.
You kill the gnoll!
Trog accepts your kill.
You have reached level 4!
You feel stronger.
You barely miss the goblin. You slash the goblin!
You kill the goblin!
Trog accepts your kill. The gnoll hits you with a +0 halberd!
* * * LOW HITPOINT WARNING * * *
Things that are here:
a +0 club; a +0 spear You barely miss the gnoll.
You barely miss the gnoll. Your punch misses the gnoll.
The gnoll hits you with a +0 halberd!
You die...

######## #......# #########
#......# >#.......#
#......###
.........#########......#..
#.......g@).....'.....)'..
#####.#.#########......#..
#.#.# #......#.. .####.#g#
#......#.. ......#'######
####...... #...g.....#
#.#.... #.........# #.#.##.
+.........# #.#.###
#.........# ..#..


You could see a gnoll.

Vanquished Creatures
  4 gnolls
  An adder (D:2)
  An endoplasm (D:1)
  4 goblins
  4 hobgoblins (D:1)
  A quokka (D:1)
  6 ball pythons
  2 bats
  3 kobolds (D:1)
  A rat (D:1)
27 creatures vanquished.

Notes
Turn   | Place    | Note
-------+----------+-------------------------------------------
     0 | D:1      | anonymouscript the Minotaur Berserker began the quest for
                  | the Orb.
     0 | D:1      | Reached XP level 1. HP: 19/19 MP: 0/0
    22 | D:1      | Reached XP level 2. HP: 16/27 MP: 1/1
   317 | D:1      | Found a faded altar of an unknown god.
   687 | D:1      | Reached XP level 3. HP: 34/34 MP: 2/2
  1102 | D:2      | Found a shimmering altar of Xom.
  1176 | D:2      | Reached XP level 4. HP: 13/41 MP: 3/3
  1180 | D:2      | Slain by a gnoll

Illustrated notes

Levels and vault maps discovered:
D:1:      lightli_arrival_noodles, layout_loops_cross,
          hellmonk_ecumenical_altar_lost_god, patterned_corridor
D:2:      layout_basic, basic_altar, minmay_misc_feat_diagonals, minivault_26

Skill      XL: |  1  2 |
---------------+-------+-----
Long Blades    | 4 |  4.5
Fighting       | 4 |  4.8
Armour         | |  2.8
Dodging        | |  2.5

Action                   |  1- 3 |  4- 6 || total
-------------------------+-------+-------++-------
Melee: Falchion          |    44 |     4 ||    48
       Headbutt          |     2 |       ||     2
Invok: Berserk           |     2 |       ||     2
  Use: Potion            |     2 |       ||     2
Armor: Animal skin       |    10 |       ||    10
Dodge: Dodged            |    52 |       ||    52
